 Dungeon Crawl Stone Soup version 0.30-a0-51-g784eafce7f (webtiles) character file.

Game seed: 12340311838910996997

4445 pokeman the Thaumaturge (level 10, -9/56 HPs)
             Began as a Deep Elf Hedge Wizard on Sept 5, 2022.
             Was a Believer of Vehumet.
             Mangled by a death knight
             ... wielding a +0 glaive
              (23 damage)
             ... on level 9 of the Dungeon.
             The game lasted 00:19:42 (9283 turns).

pokeman the Thaumaturge (Deep Elf Hedge Wizard)     Turns: 9283, Time: 00:19:42

Health: -9/56      AC:  7    Str:  7    XL:     10   Next: 15%
Magic:  33/37      EV: 13    Int: 30    God:    Vehumet [**....]
Gold:   428        SH:  5    Dex: 14    Spells: 18/34 levels left

rFire   . . .      SeeInvis .    o - +3 hand axe (venom)
rCold   . . .      Faith    .    (no shield)
rNeg    . . .      Spirit   .    G - +0 leather armour
rPois   .          Reflect  +    F - +1 helmet
rElec   .          Harm     .    (no cloak)
rCorr   .          Rampage  .    b - +0 pair of gloves
Will    +....                    z - +0 pair of boots
Stlth   +++.......               r - amulet of reflection
HPRegen 0.18/turn                P - ring of magical power
MPRegen 0.25/turn                s - +6 ring of intelligence

@: slowed, very slow
A: no striking features
a: Renounce Religion


You were on level 9 of the Dungeon.
You worshipped Vehumet.
Vehumet was pleased with you.
You visited 2 branches of the dungeon, and saw 10 of its levels.

You collected 428 gold pieces.

Inventory:

Hand Weapons
 m - a +0 sling
 o - a +3 hand axe of venom (weapon)
Missiles
 C - 2 throwing nets
Armour
 b - a +0 pair of gloves (worn)
 z - a +0 pair of boots (worn)
 F - a +1 helmet (worn)
 G - a +0 leather armour (worn)
Jewellery
 g - an amulet of faith
 i - a ring of resist corrosion
 r - an amulet of reflection (around neck)
 s - a +6 ring of intelligence (right hand)
 y - a ring of fire
 A - a +4 ring of evasion
 D - a +4 ring of evasion
 P - a ring of magical power (left hand)
Wands
 w - a wand of flame (75)
 I - a wand of acid (10)
 J - a wand of roots (8)
 O - a wand of charming (2)
Scrolls
 e - 6 scrolls of identify
 f - 3 scrolls of fog
 h - 4 scrolls of noise {unknown}
 l - 2 scrolls of silence {unknown}
 q - 4 scrolls of enchant armour {unknown}
 u - 4 scrolls of blinking {unknown}
 x - 2 scrolls of fear {unknown}
 B - 2 scrolls of teleportation {unknown}
 E - a scroll of magic mapping {unknown}
 N - a scroll of poison {unknown}
Potions
 c - a potion of might {unknown}
 d - 2 potions of magic
 j - 4 potions of heal wounds {unknown}
 k - 5 potions of curing {unknown}
 n - a potion of cancellation {unknown}
 p - a potion of resistance {unknown}
 t - 2 potions of degeneration {unknown}
 v - a potion of invisibility {unknown}
 H - a potion of mutation {unknown}
 K - a potion of attraction {unknown}
 L - a potion of haste {unknown}
 M - a potion of ambrosia {unknown}


   Skills:
 + Level 3.0 Fighting
 - Level 3.0 Armour
 - Level 5.0 Dodging
 - Level 5.0 Stealth
 * Level 12.9 Spellcasting
 + Level 7.3 Conjurations
 - Level 1.1 Summonings
 - Level 1.1 Translocations
 + Level 5.3 Fire Magic
 - Level 1.0 Air Magic
 - Level 1.1 Poison Magic
 - Level 1.0 Evocations


You had 18 spell levels left.
You knew the following spells:

 Your Spells              Type           Power      Damage    Failure   Level
a - Magic Dart            Conj           100%       1d8       1%          1
b - Mephitic Cloud        Conj/Pois/Air  38%        N/A       3%          3
c - Call Imp              Summ           26%        N/A       3%          2
d - Blink                 Tloc           52%        N/A       3%          2
e - Conjure Flame         Conj/Fire      55%        6-21      1%          3
f - Foxfire               Conj/Fire      100%       2x1d9     1%          1
g - Swiftness             Air            25%        N/A       8%          3
h - Shock                 Conj/Air       100%       1d9       1%          1

Your spell library contained the following spells:

 Spells                   Type           Power      Damage    Failure   Level
 Apportation              Tloc           52%        N/A       2%          1
 Summon Small Mammal      Summ           100%       N/A       2%          1
 Freeze                   Ice            76%        1d9       3%          1
 Necrotise                Necr           76%        1d7       3%          1
 Slow                     Hex            76%        N/A       3%          1
 Hailstorm                Conj/Ice       41%        3d10      9%          4
 Confusing Touch          Hex            19%        N/A       12%         3
 Frozen Ramparts          Ice            38%        1d6       12%         3
 Airstrike                Air            12%        2d(2-18)  24%         4
 Yara's Violent Unravell  Hex/Tmut       9%         3d6       71%         5
 Enfeeble                 Hex            9%         N/A       100%        7


Dungeon Overview and Level Annotations

Branches:
Dungeon (9/15)             Temple (1/1) D:4
   Lair: D:8-11         Orc: D:9-12

Altars:
Ashenzari
Cheibriados
Dithmenos
Fedhas
Gozag
Hepliaklqana
Kikubaaqudgha
Makhleb
Nemelex Xobeh
Okawaru
Qazlal
Ru
Sif Muna
Trog
Uskayaw
Vehumet
Wu Jian
Xom
Yredelemnul
Zin
The Shining One

Annotations:
D:4 1 runed translucent door, logorrheac's ghost, amateur GnWn
D:7 2 transporters


Message History

The red ugly thing stings the death knight.
The death knight is engulfed in flames!
The red ugly thing suffers a backlash!
The red ugly thing barely misses itself.
Your Fighting skill increases to level 3!
The wraith hits you! The wraith drains your vigour!
You feel as though you will be slow longer.
There is an open door here.
Unknown command.
Casting: Call Imp (safe; 3% risk of failure)
Confirm with . or Enter, or press ? or * to list all spells.
You blink.
You feel stable enough to blink again.
Casting: Blink (safe; 3% risk of failure)
Confirm with . or Enter, or press ? or * to list all spells.
You blink.
Unknown command.
There is a stone staircase leading down here.
You feel stable enough to blink again.
The death knight mumbles some strange prayers to Yredelemnul against you.
You struggle to resist.
The wraith misses you.
As you read the scroll labelled ESSOWK YMUUR, it crumbles to dust.
It is a scroll of amnesia.
Really abort (and waste the scroll)?
Okay, then.
The wraith completely misses you.
Casting: Blink (safe; 3% risk of failure)
Confirm with . or Enter, or press ? or * to list all spells.
You blink.
The wraith barely misses you.
The death knight offers itself to Yredelemnul, and fills with unholy energy.
The wraith attacks as you move away! The wraith hits you!
* * * LOW HITPOINT WARNING * * *
The wraith drains your vigour!
You feel as though you will be slow longer.
As you read the scroll labelled BIJEOPLIKIOM, it crumbles to dust.
It is a scroll of identify.
f - 3 scrolls of fog You feel stable enough to blink again.
You block the wraith's attack.
The death knight hits you from afar with a +0 glaive!!
You die...

..'.....#...............[#
..#.....#...#########+##.#######.
..##....'...# .......#.........
#..#....#...# .......#.........
#..#....#..## .......#..#####..
#..#....#..# .......'..#...#..
...#....#..# .......#..#.....#
...#....#..#########+###..#......
######.......@W........#...#:#
..........u.......#..####
..........p.......#.##/.5
..........>......'..##'#
.................#...#.#
######...........###....
#.................#
+............ยง.....
#......#'####......


You could see a death knight (reflects damage), a purple ugly thing and a
wraith.

Vanquished Creatures
  A wizard (D:9)
  Pikel (D:4)
  Grinder (D:3)
  A centaur simulacrum (D:9)
  Menkaure (D:7)
  An acid dragon (D:9)
  Duvessa (D:7)
  An ice beast (D:7)
  A black bear (D:6)
  4 sky beasts
  2 centaurs
  A lemure (D:4)
  2 phantoms (D:5)
  A kobold brigand (D:7)
  3 gnoll sergeants
  5 bullfrogs
  3 scorpions (D:6)
  5 wights (D:8)
  Dowan (D:7)
  3 jellies
  4 killer bees (D:6)
  4 howler monkeys
  2 hounds
  An orc priest (D:6)
  2 iguanas
  An orc wizard (D:8)
  18 gnolls
  5 adders
  2 ufetubi
  A worm (D:2)
  3 dart slugs
  14 orcs
  13 ball pythons
  5 endoplasms
  A giant cockroach (D:2)
  10 goblins
  5 hobgoblins
  7 jackals
  6 quokkas
  5 bats
  5 frilled lizards
  8 kobolds
  5 rats
166 creatures vanquished.

Vanquished Creatures (collateral kills)
  A killer bee (D:9)
  An adder (D:3)
2 creatures vanquished.

Vanquished Creatures (others)
  21 foxfires (D:9)
21 creatures vanquished.

Grand Total: 189 creatures vanquished

Notes
Turn   | Place    | Note
-------+----------+-------------------------------------------
     0 | D:1      | pokeman the Deep Elf Hedge Wizard began the quest for the
                  | Orb.
     0 | D:1      | Reached XP level 1. HP: 10/10 MP: 7/7
   189 | D:1      | Reached XP level 2. HP: 16/16 MP: 5/9
   928 | D:1      | Reached skill level 5 in Spellcasting
  1326 | D:1      | Reached XP level 3. HP: 20/20 MP: 11/11
  1330 | D:1      | Learned a level 3 spell: Mephitic Cloud
  1333 | D:1      | Learned a level 2 spell: Call Imp
  1336 | D:1      | Learned a level 2 spell: Blink
  1340 | D:1      | Learned a level 3 spell: Conjure Flame
  1975 | D:2      | Learned a level 1 spell: Shock
  2248 | D:2      | Reached skill level 1 in Fighting
  2283 | D:2      | Reached skill level 1 in Armour
  2875 | D:3      | Reached XP level 4. HP: 25/25 MP: 9/13
  2926 | D:3      | Noticed Grinder
  2931 | D:3      | Paralysed by Grinder for 2 turns
  2937 | D:3      | Paralysed by Grinder for 4 turns
  2946 | D:3      | Paralysed by Grinder for 3 turns
  2970 | D:3      | Paralysed by Grinder for 5 turns
  3071 | D:3      | Paralysed by Grinder for 4 turns
  3082 | D:3      | Killed Grinder
  3083 | D:3      | Reached skill level 6 in Spellcasting
  3083 | D:3      | Reached XP level 5. HP: 17/29 MP: 5/16
  3083 | D:3      | Reached XP level 6. HP: 20/34 MP: 5/17
  3352 | D:3      | Found a faded altar of an unknown god.
  3908 | D:4      | Noticed Pikel
  3924 | D:4      | Killed Pikel
  3925 | D:4      | Reached skill level 8 in Spellcasting
  3925 | D:4      | Reached XP level 7. HP: 5/38 MP: 15/20
  4277 | D:4      | Found a staircase to the Ecumenical Temple.
  4295 | Temple   | Entered the Ecumenical Temple
  4300 | Temple   | Reached skill level 5 in Stealth
  4464 | Temple   | Became a worshipper of Vehumet
  4812 | D:4      | Found a runed translucent door.
  4819 | D:4      | Noticed logorrheac's ghost (amateur GnWn)
  4892 | D:4      | Reached skill level 5 in Dodging
  4895 | D:4      | Reached skill level 1 in Evocations
  5280 | D:5      | Entered Level 5 of the Dungeon
  5362 | D:5      | Reached skill level 9 in Spellcasting
  5362 | D:5      | Reached XP level 8. HP: 36/43 MP: 16/23
  5456 | D:5      | Reached skill level 1 in Fire Magic
  5456 | D:5      | Reached skill level 1 in Poison Magic
  5562 | D:5      | Learned a level 3 spell: Swiftness
  6165 | D:6      | Found a snail-covered altar of Cheibriados.
  6183 | D:6      | Reached skill level 5 in Conjurations
  6183 | D:6      | Reached skill level 1 in Air Magic
  6195 | D:6      | Reached * piety under Vehumet
  6195 | D:6      | Offered knowledge of Sandblast by Vehumet.
  6272 | D:6      | Reached skill level 10 in Spellcasting
  6873 | D:6      | Reached XP level 9. HP: 44/48 MP: 23/25
  7425 | D:7      | Found a transporter.
  7444 | D:7      | Noticed Menkaure
  7449 | D:7      | Killed Menkaure
  7450 | D:7      | Reached skill level 11 in Spellcasting
  7543 | D:7      | Noticed Dowan
  7544 | D:7      | Noticed Duvessa
  7551 | D:7      | Killed Duvessa
  7559 | D:7      | Killed Dowan
  8036 | D:7      | Found a transporter.
  8100 | D:7      | Noticed a cyan ugly thing
  8184 | D:7      | Offered knowledge of Foxfire by Vehumet.
  8275 | D:8      | Reached ** piety under Vehumet
  8291 | D:8      | Reached skill level 12 in Spellcasting
  8926 | D:8      | Learned a level 1 spell: Foxfire
  9140 | D:9      | Reached skill level 5 in Fire Magic
  9215 | D:9      | Reached XP level 10. HP: 54/54 MP: 28/28
  9255 | D:9      | Noticed a wizard
  9260 | D:9      | Noticed a red ugly thing
  9265 | D:9      | Noticed a death knight
  9267 | D:9      | Noticed a purple ugly thing
  9268 | D:9      | Killed a wizard
  9283 | D:9      | Mangled by a death knight

Illustrated notes

Levels and vault maps discovered:
D:1:      erik_arrival_cave_to_civilisation [erik_arrival_cave_to_hall],
          layout_loops_ring, minmay_pentomino_o4
D:2:      layout_loops_ring, wander_ebering_terrifying_dragon_lair
D:3:      layout_basic, nicolae_ecumenical_snake_handling, patterned_corridor,
          uniq_grinder
D:4:      layout_basic, minmay_temple_entry_glass,
          hellmonk_ghost_happy_afterlife, serial_glass, glass_columns_a,
          glass_columns_b, uniq_pikel
D:5:      layout_loops_ring, minmay_crystal_water, minmay_misc_feat_roman,
          minmay_misc_feat_five, hangedman_decor_lopped, grunt_decor_cap,
          minivault_26
D:6:      layout_basic, cheibriados_altar_1
D:7:      layout_rooms, gammafunk_ghost_abyssal_escape, minmay_puff,
          uniq_duvessa, uniq_menkaure
D:8:      layout_cave_pools
D:9:      layout_irregular_city, serial_shops, shop, hellmonk_bongcloud_opening,
          chequers_serial_rivers_micro_c, minmay_fractal_squares_gapless_7
Temple:   grunt_wide_crystal_templ

Skill      XL: |  1  2  3  4  5  6  7  8  9 10 |
---------------+-------------------------------+-----
Spellcasting   | 5 6 8 9 10 12 | 12.9
Conjurations   | 2 3 4 5 7 |  7.3
Fighting       | 1 2 3 |  3.0
Armour         | 1 3 |  3.0
Dodging        | 3 4 5 |  5.0
Stealth        | 3 4 5 |  5.0
Evocations     | 1 |  1.0
Fire Magic     | 3 5 |  5.3
Poison Magic   | 1 |  1.1
Air Magic      | 1 |  1.0
Summonings     | |  1.1
Translocations | |  1.1

Action                   |  1- 3 |  4- 6 |  7- 9 | 10-12 || total
-------------------------+-------+-------+-------+-------++-------
Melee: Dagger            |    19 |       |       |       ||    19
       Long sword        |     1 |       |       |       ||     1
       Hand axe          |       |    13 |    81 |     5 ||    99
 Cast: Magic Dart        |    80 |    13 |    52 |       ||   145
       Shock             |    26 |    31 |   170 |       ||   227
       Conjure Flame     |       |     1 |     3 |       ||     4
       Call Imp          |       |     1 |       |     1 ||     2
       Mephitic Cloud    |       |     1 |    23 |     1 ||    25
       Foxfire           |       |       |    10 |     1 ||    11
       Blink             |       |       |     1 |     3 ||     4
  Use: Scroll            |       |       |       |     2 ||     2
 Stab: Sleeping          |     1 |       |       |       ||     1
       Confused          |       |     2 |     9 |     1 ||    12
Armor: Robe              |     3 |       |     1 |       ||     4
       Leather armour    |       |       |    17 |     4 ||    21
Dodge: Dodged            |    19 |     4 |    94 |    10 ||   127
Block: Other             |       |     4 |    17 |     2 ||    23
       Reflection        |       |       |     2 |       ||     2

Table legend: (Time is in decaauts)
 A = Elapsed time spent in this place.
 B = Non-inter-level travel time spent in this place.
 C = Inter-level travel time spent in this place.
 D = Time resting spent in this place.
 E = Time spent auto-exploring this place.
 F = Levels seen in this place.
 G = Mean time per level.
                   A        B        C        D        E       F      G
               +--------+--------+--------+--------+--------+-----+--------+
         Total |   9314 |   8962 |    352 |    471 |   7268 |  10 |  931.4 |
       Dungeon |   9134 |   8790 |    344 |    471 |   7124 |   9 | 1014.9 |
        Temple |    180 |    172 |      8 |      0 |    144 |   1 |  180.0 |
               +--------+--------+--------+--------+--------+-----+--------+

Top non-repeatable levels by time:
     D:1: 1748 daAuts
     D:6: 1246 daAuts
     D:4: 1198 daAuts
     D:2: 1115 daAuts
     D:3: 1041 daAuts
     D:7: 883 daAuts
     D:5: 857 daAuts
     D:8: 690 daAuts
     D:9: 352 daAuts
  Temple: 180 daAuts
